 Dungeon Crawl Stone Soup version 0.17-a0-435-gc4df345 (webtiles) character file.

35 krae the Insei (level 3, 0/23 HPs)
             Began as an Octopode Transmuter on Apr 4, 2015.
             Slain by a hobgoblin
             ... wielding a +0 club
             ... led by Robin
              (7 damage)
             ... on level 2 of the Dungeon.
             The game lasted 00:04:05 (1534 turns).

krae the Insei (Octopode Transmuter)                Turns: 1534, Time: 00:04:06

Health: 0/23       AC:  1    Str:  9    XL:     3   Next: 33%
Magic:  5/6        EV: 12    Int: 16    God:
Gold:   84         SH:  0    Dex: 12    Spells: 2 memorised, 3 levels left

rFire  . . .     SeeInvis .       - Unarmed
rCold  . . .     Clarity  .     (no shield)
rNeg   . . .     SustAb   .     (helmet restricted)
rPois  .         Gourm    .     (no amulet)
rElec  .         Spirit   .     (no ring)
rCorr  .         Warding  .     (no ring)
rMut   .         Stasis   .     (no ring)
MR     .....                    (no ring)
Stlth  ++........               (no ring)
                                (no ring)
                                (no ring)
                                (no ring)

@: appendage (expiring), not resistant to hostile enchantments, unstealthy
A: almost no armour, amphibious, 8 rings, constrict 8, tentacle spike 3,
camouflage 1, gelatinous body 1
a: End Transformation


You were on level 2 of the Dungeon.
You were not hungry.
One of your tentacles had a temporary spike.
You visited 1 branch of the dungeon, and saw 2 of its levels.

You collected 84 gold pieces.


Innate Abilities, Weirdness & Mutations

You cannot wear most types of armour.
You are amphibious.
You can wear up to eight rings at the same time.
You can use your tentacles to constrict eight enemies at once.
Your skin changes colour to match your surroundings (Stealth).
Your rubbery body absorbs attacks (AC +1).
One of your tentacles bears a large vicious spike.


   Skills:
 - Level 1.0 Fighting
 - Level 2.0 Dodging
 + Level 4.3 Unarmed Combat
 - Level 2.0 Spellcasting
 - Level 2.0 Transmutations


You had 3 spell levels left.
You knew the following spells:

 Your Spells              Type           Power        Failure   Level  Hunger
z - Beastly Appendage     Trmt           #.....       10%         1    #......
Z - Sticks to Snakes      Trmt           #.........   14%         2    ###....

Inventory:

Missiles
 b - 54 arrows
Scrolls
 c - a scroll of identify {unknown}
 g - a scroll of immolation {unknown}
 i - a scroll of amnesia {unknown}
Potions
 e - a potion of haste {unknown}
 f - a potion of curing {unknown}
Books
 d - a book of Changes
Comestibles
 a - a bread ration

Dungeon Overview and Level Annotations

Branches:
Dungeon (2/15)

Altars:

Annotations:
D:2 Robin

#..#.# ####g#.#
#....#.#######
###..........#
#.......[..#
#..........#####
#..............#
#..........###.#
##.####.x..)<#
#.)....g....#
######.####g#
#g# #.# #.# #.#
#g# #.# #.# #g#
#.####.#
#......#


You could see Robin, a hobgoblin and 2 goblins.


Message History

You start resting.
A hobgoblin comes into view.
One of your tentacles grows a vicious spike.
The hobgoblin shouts!
The hobgoblin moves out of view.
Unknown command.
Your transformation is almost over.
You climb downwards.
Level annotation: Robin A goblin comes into view.
It is wielding a dagger.
The goblin moves out of view.
There is a stone staircase leading up here.
Robin shouts!
Robin roars a battlecry!
You extend your transformation's duration.
Unknown command.
Your transformation is almost over.
The goblin shouts!
You hear a shout!
You hear a shout!
You hear a shout!
A hobgoblin comes into view. It is wielding a club.
You tentacle-slap the goblin.
You kill the goblin!
You closely miss the hobgoblin. You grab the hobgoblin.
The hobgoblin barely misses you.
Robin zaps a wand.
The puff of frost hits you!
* * * LOW HITPOINT WARNING * * *
It is a wand of frost.
You release your grip on the hobgoblin. 2 goblins come into view.
The goblin shouts! x2
The hobgoblin hits you with a club!
You die...

Action                   || total
-------------------------++-------
Melee: Unarmed           ||    64
 Cast: Beastly Appendage ||    17
       Sticks to Snakes  ||     2
 Stab: Sleeping          ||     1
  Eat: Chunk             ||     2

Vault maps used:
D:1:      enne_arrival_octagon_isle
D:2:      grunt_temple_overflow_growth_and_decay, first_bread, uniq_robin,
          uniq_sigmund

Notes
Turn   | Place    | Note
--------------------------------------------------------------
     0 | D:1      | krae, the Octopode Transmuter, began the quest for the Orb.
     0 | D:1      | Reached XP level 1. HP: 13/13 MP: 3/3
   595 | D:1      | Reached XP level 2. HP: 18/18 MP: 3/5
   601 | D:1      | Learned a level 2 spell: Sticks to Snakes
  1058 | D:2      | Reached skill level 4 in Unarmed Combat
  1133 | D:2      | Reached XP level 3. HP: 16/23 MP: 3/6
  1283 | D:2      | Noticed Robin
  1314 | D:2      | HP: 2/23 [goblin[Robin] (4)]
  1534 | D:2      | Slain by a hobgoblin

Vanquished Creatures
  An adder (D:2)
  2 giant cockroaches
  8 goblins
  5 hobgoblins
  4 bats (D:1)
  A giant newt (D:1)
  4 jackals (D:2)
  2 kobolds (D:1)
  A rat (D:1)
28 creatures vanquished.
